[Event "*** SCC Grand Prix: Titled Tuesday Blitz"]
[Site "Chess.com"]
[Date "2020.07.07"]
[Round "10"]
[White "FMVolodymyrSakun"]
[Black "juniortay"]
[Result "1-0"]
[WhiteElo "2507"]
[BlackElo "2370"]
[TimeControl "180+1"]
[EndTime "11:57:16 PDT"]
[Termination "FMVolodymyrSakun won by resignation"]

1. e4 e5 2. Nf3 Nf6 3. Nc3 Nc6 4. d4 exd4 5. Nxd4 Bb4 6. Nxc6 bxc6 7. Bd3 d6 8. O-O Ng4 9. h3 Ne5 10. Be2 Qh4 11. f4 Bxh3 12. Qe1 Bc5+ 13. Kh2 Qxe1 14.
Rxe1 Ng4+ 15. Kxh3 h5 16. Bxg4 hxg4+ 17. Kxg4 Ke7 18. Be3 Rh2 19. Bxc5 dxc5 20. Kg3 Rah8 21. e5 R2h6 22. Ne4 Rg6+ 23. Kf3 Rb8 24. b3 c4 25. Rh1 a5 26. f5 Rh6 27. f6+ Kf8 28. Rxh6 gxh6 29. Rh1 Ke8 30. e6 fxe6 31. Rxh6 cxb3 32. axb3 Rb5 33. Rh8+ Kf7 34. Rh7+ Kg6 35. Rg7+ Kh6 36. g4 a4 37. bxa4 Rb2 38. g5+ Kh5 39.
f7 1-0

[Event "*** SCC Grand Prix: Titled Tuesday Blitz"]
[Site "Chess.com"]
[Date "2020.07.07"]
[Round "10"]
[White "PavelShkapenko"]
[Black "Lion-Al-Messi"]
[Result "1-0"]
[WhiteElo "2591"]
[BlackElo "2448"]
[TimeControl "180+1"]
[EndTime "11:57:18 PDT"]
[Termination "PavelShkapenko won by resignation"]

1. e4 e6 2. d4 d5 3. exd5 exd5 4. Nf3 Bd6 5. c4 Nf6 6. Nc3 O-O 7. cxd5 Nbd7 8.
Bc4 Nb6 9. Bb3 Re8+ 10. Kf1 Bg4 11. h3 Bh5 12. g4 Bg6 13. Ne5 Bxe5 14. dxe5 Rxe5 15.
f4 Be4 16. fxe5 Bxh1 17. exf6 Qxf6+ 18. Kg1 Bf3 19. Qd3 Re8 20. Bd2 Nd7 21. Qf5 Qd4+ 22. Kf1 Ne5 23. Bf4 Ng6 24. Bg3 Re3 25. d6 Bd5 26.
Bxd5 1-0

[Event "*** SCC Grand Prix: Titled Tuesday Blitz"]
[Site "Chess.com"]
[Date "2020.07.07"]
[Round "10"]
[White "ketster"]
[Black "pedromartinez91"]
[Result "0-1"]
[WhiteElo "2433"]
[BlackElo "2555"]
[TimeControl "180+1"]
[EndTime "11:57:18 PDT"]
[Termination "pedromartinez91 won on time"]

1. d4 Nf6 2. c4 g6 3. Nc3 Bg7 4. e4 O-O 5. Nf3 c6 6. e5 Ne8 7. Be2 d6 8. O-O Bg4 9. Bf4 dxe5 10. dxe5 Na6 11. h3 Bxf3 12. Bxf3 Nc5 13. Qc2 Qd3 14. Qe2 Nc7 15. Rad1 Qxe2 16. Bxe2 N7e6 17. Bg3 a5 18. f4 Rfd8 19. Bf2 f6 20. Bg3 a4 21. Bg4 f5 22. Be2 Nd4 23. Bf2 Nce6 24. g3 g5 25. Be3 gxf4 26. gxf4 Bh6 27. Bd3 Kf7 28. Kh2 Ng7 29. c5 Nge6 30. Bc4 Kg7 31. Rd2 Ra5 32.
Rg2+ Kh8 33. Bd3 Rxc5 34. Bxf5 Rxc3 35. Bxd4 Nxd4 36. bxc3 Nxf5 37. Rb2 b5 38. Rc1 Bxf4+ 39. Kg2 Bxc1 40. Kf3 Bxb2 41. Ke4 Bxc3 42. Kxf5 Rd5 43. Ke6 Rxe5+ 0-1

[Event "*** SCC Grand Prix: Titled Tuesday Blitz"]
[Site "Chess.com"]
[Date "2020.07.07"]
[Round "10"]
[White "WilliamSchill"]
[Black "NarminSoyunlu"]
[Result "1-0"]
[WhiteElo "1971"]
[BlackElo "2047"]
[TimeControl "180+1"]
[EndTime "11:57:18 PDT"]
[Termination "WilliamSchill won by checkmate"]

1. e4 e6 2. d4 d5 3. Nc3 Nf6 4. e5 Nfd7 5. f4 c5 6. Nf3 Nc6 7.
Be3 Be7 8. Qd2 cxd4 9. Nxd4 O-O 10. Bd3 Nxd4 11. Bxd4 Bc5 12. Ne2 Qb6 13. O-O-O Bxd4 14. Nxd4 Nc5 15. h4 Nxd3+ 16. Qxd3 Bd7 17. h5 Rac8 18.
h6 g6 19. Qb3 Qxb3 20. axb3 f5 21. c3 Rc7 22. Kd2 a6 23. b4 Rfc8 24. g4 fxg4 25. Rdg1 Rf8 26. Rxg4 Bc8 27. Rhg1 Rcf7 28. Ke3 Kh8 29.
Nf3 Rf5 30. Ng5 Bd7 31. Ra1 Rc8 32. Ra5 Rc4 33. Rc5 Rxe5+ 34. fxe5 Rxg4 35. Nf3 Bc6 36. Nd4 Re4+ 37. Kd2 Rxe5 38. Nxc6 bxc6 39. Rxc6 Rh5 40. Rc8# 1-0

[Event "*** SCC Grand Prix: Titled Tuesday Blitz"]
[Site "Chess.com"]
[Date "2020.07.07"]
[Round "10"]
[White "Ariadna_Atreides"]
[Black "Quiet_Desperation"]
[Result "0-1"]
[WhiteElo "2077"]
[BlackElo "2226"]
[TimeControl "180+1"]
[EndTime "11:57:20 PDT"]
[Termination "Quiet_Desperation won by checkmate"]

1. d4 d5 2. Nf3 c6 3. c4 Nf6 4.
Nbd2 Bf5 5. Nh4 Be6 6. c5 Nbd7 7. Nhf3 h6 8. e3 Bf5 9. h3 Qc7 10. Be2 e5 11. dxe5 Nxe5 12. Nxe5 Qxe5 13. Nf3 Qc7 14. Nd4 Bg6 15. b4 a5 16. Bd2 axb4 17. Bxb4 Be7 18.
Bd3 Bxd3 19. Qxd3 O-O 20. O-O Ne4 21. Rfc1 Ra4 22. a3 Rfa8 23. Nf5 Bf6 24. Rab1 Qe5 25.
Nd6 Nxd6 26. cxd6 Qe6 27. Bc5 Qd7 28. Rb3 b5 29. Qc2 Be5 30. f4 Rc4 31. Qd2 Bxd6 32.
Bxd6 Qxd6 33. Rxc4 bxc4 34. Rb7 Qxa3 35. Qe2 Qd3 36.
Qh5 Qxe3+ 37. Kh1 Ra1+ 38. Kh2 Qxf4+ 39. g3 Qf2# 0-1

[Event "*** SCC Grand Prix: Titled Tuesday Blitz"]
[Site "Chess.com"]
[Date "2020.07.07"]
[Round "10"]
[White "sertalzin"]
[Black "Zmof"]
[Result "0-1"]
[WhiteElo "2014"]
[BlackElo "2187"]
[TimeControl "180+1"]
[EndTime "11:57:20 PDT"]
[Termination "Zmof won on time"]

1. d4 f5 2. c4 Nf6 3. g3 g6 4.
Bg2 Bg7 5. Nf3 O-O 6. O-O d6 7. Nc3 Qe8 8. d5 Na6 9. Nd4 Bd7 10. Rb1 c6 11. dxc6 bxc6 12. b4 Rc8 13. Qd3 Nxb4 14. Rxb4 c5 15. Rb7 cxd4 16. Nb5 Ne4 17. Rxa7 Nc5 18. Qa3 Bc6 19. Nc7 Rxc7 20. Rxc7 Bxg2 21.
Kxg2 Qf7 22. Bg5 Qxc4 23. Bxe7 Re8 24. Qf3 Qe6 25. Bg5 Qxa2 26. Rc6 Qe6 27. Bf4 Ne4 28. Rfc1 g5 0-1

[Event "*** SCC Grand Prix: Titled Tuesday Blitz"]
[Site "Chess.com"]
[Date "2020.07.07"]
[Round "10"]
[White "bmt011"]
[Black "canary2016"]
[Result "1-0"]
[WhiteElo "2106"]
[BlackElo "1915"]
[TimeControl "180+1"]
[EndTime "11:57:21 PDT"]
[Termination "bmt011 won by checkmate"]

1. d4 d5 2. Bf4 Nf6 3. e3 e6 4. Nf3 c5 5. c3 Bd6 6. Ne5 Qc7 7. Bb5+ Bd7 8. Nxd7 Nbxd7 9. Bg5 O-O 10. Nd2 h6 11.
Bh4 a6 12. Bd3 Rac8 13. g4 Bxh2 14. g5 hxg5 15. Bxg5 e5 16. Qf3 e4 17. Qh3 Nh7 18. Bf4 Qd8 19. Rxh2 Ndf6 20. Bg5 cxd4 21. Bxf6 Qxf6 22.
Qxh7# 1-0

[Event "*** SCC Grand Prix: Titled Tuesday Blitz"]
[Site "Chess.com"]
[Date "2020.07.07"]
[Round "10"]
[White "Harsha_Bharathakoti"]
[Black "olksuna"]
[Result "1-0"]
[WhiteElo "2789"]
[BlackElo "2624"]
[TimeControl "180+1"]
[EndTime "11:57:23 PDT"]
[Termination "Harsha_Bharathakoti won by resignation"]

1. d4 Nf6 2. c4 b6 3. Nc3 Bb7 4. a3 e6 5. Nf3 g6 6. Qc2 Bg7 7. e4 d5 8. cxd5 exd5 9. e5 Ne4 10. Bd3 Nxc3 11. bxc3 O-O 12. h4 c5 13. h5 Nc6 14. hxg6 fxg6 15. Ng5 Bxe5 16. Bxg6 Qf6 17. Bxh7+ Kg7 18. dxe5 Nxe5 19. O-O Ng4 20. f3 Rae8 21.
Bg8 Qh6 22. Ne6+ Qxe6 23. Bxe6 Rxe6 24. fxg4 Rfe8 25. Qf5 1-0

[Event "*** SCC Grand Prix: Titled Tuesday Blitz"]
[Site "Chess.com"]
[Date "2020.07.07"]
[Round "10"]
[White "Kildepiotr"]
[Black "Savva09022009"]
[Result "1/2-1/2"]
[WhiteElo "2605"]
[BlackElo "2467"]
[TimeControl "180+1"]
[EndTime "11:57:23 PDT"]
[Termination "Game drawn by repetition"]

1. Nf3 Nf6 2. g3 e6 3. Bg2 d5 4.
O-O Be7 5. d3 O-O 6. Nbd2 c5 7. e4 Nc6 8. Qe2 dxe4 9. dxe4 Qc7 10. c3 b6 11. Re1 Bb7 12. Nf1 Rad8 13. Bf4 Qc8 14. Rad1 Rxd1 15. Rxd1 Rd8 16. Rxd8+ Qxd8 17. N3d2 h6 18. h4 Bc8 19. Be3 e5 20. f3 Be6 21. b3 Na5 22. Bf2 Nc6 23. Ne3 Bf8 24.
Kh2 g6 25. Bh3 Bxh3 26. Kxh3 Qd7+ 27. Kg2 h5 28. a4 Bh6 29. Ndc4 Bxe3 30. Bxe3 Ne8 31.
Bg5 Nc7 32. Qe3 Qd1 33. Bf6 Qc2+ 34. Kh3 Qd1 35. Kg2 Qc2+ 36. Kh3 Qd1 37. g4 hxg4+ 38. fxg4 Qh1+ 39. Kg3 Ne6 40. Nxe5 Nxe5 41. Bxe5 Qd1 42.
Qf3 Qxb3 43. Qf6 Kf8 44. h5 gxh5 45. gxh5 Qd1 46. h6 Qg1+ 47. Kh3 Qh1+ 48. Kg3 Qg1+ 49. Kh3 Qh1+ 50. Kg3 Qg1+ 1/2-1/2

[Event "*** SCC Grand Prix: Titled Tuesday Blitz"]
[Site "Chess.com"]
[Date "2020.07.07"]
[Round "10"]
[White "TurboSteen"]
[Black "aripov96"]
[Result "0-1"]
[WhiteElo "1954"]
[BlackElo "2364"]
[TimeControl "180+1"]
[EndTime "11:57:26 PDT"]
[Termination "aripov96 won by resignation"]

1. e4 c5 2. Nc3 Nc6 3. Bb5 g6 4. f4 Bg7 5. Nf3 d6 6. O-O Nf6 7. d3 Bd7 8. Bc4 O-O 9. Qe1 Nd4 10. Nxd4 cxd4 11. Ne2 Rc8 12. Bb3 Qb6 13. f5 a5 14. a4 e6 15. Qh4 exf5 16. Bg5 Ng4 17. exf5 Ne3 18. f6 Bh8 19. Rf3 Nxc2 20. Bxc2 Qxb2 21. Raf1 Rxc2 22. Nf4 Bc6 23. Rg3 Rd2 24. Bh6 Re8 25. Nxg6 Rxg2+ 0-1

[Event "*** SCC Grand Prix: Titled Tuesday Blitz"]
[Site "Chess.com"]
[Date "2020.07.07"]
[Round "10"]
[White "allvim"]
[Black "SiddharthGMJagadeesh"]
[Result "0-1"]
[WhiteElo "2287"]
[BlackElo "2441"]
[TimeControl "180+1"]
[EndTime "11:57:29 PDT"]
[Termination "SiddharthGMJagadeesh won by resignation"]

1. b3 Nf6 2. Bb2 g6 3. e3 Bg7 4. Nf3 O-O 5. Be2 d5 6. O-O c5 7. d3 Nc6 8. Nbd2 d4 9. exd4 cxd4 10. Re1 Nd5 11. g3 Bf5 12. Bf1 Rc8 13. a3 Qc7 14. Qe2 Nc3 15. Bxc3 dxc3 16. Nc4 Bg4 17. Qe3 Bxf3 18.
Qxf3 Nd4 19. Qd1 Nxb3 20. cxb3 c2 21. Qxc2 Bxa1 22. Rxa1 b5 23. Re1 Rfd8 24. Qb2 bxc4 25. dxc4 e6 26. b4 Qb6 27. c5 Rxc5 28. Bg2 Rcc8 29.
h4 Qd4 30. Qb1 Qd3 31. Qa1 Qc3 32. Qb1 Rd2 33. h5 Qd4 34. Rf1 Rcc2 35. hxg6 hxg6 36. Qe1 Re2 37. Qd1 Qxd1 38. Rxd1 Rxf2 39. Rd8+ Kg7 40. Bb7 Rfd2 41. Rxd2 Rxd2 42. a4 Rd4 0-1

[Event "*** SCC Grand Prix: Titled Tuesday Blitz"]
[Site "Chess.com"]
[Date "2020.07.07"]
[Round "10"]
[White "aa175"]
[Black "SamuelGhimpu2003"]
[Result "0-1"]
[WhiteElo "2374"]
[BlackElo "2520"]
[TimeControl "180+1"]
[EndTime "11:57:30 PDT"]
[Termination "SamuelGhimpu2003 won by checkmate"]

1. d4 Nf6 2. Nf3 e6 3. Bf4 d5 4. e3 c5 5. Nbd2 Qb6 6. dxc5 Qxb2 7. Be5 Qa3 8. c4 Nbd7 9. Bxf6 Nxf6 10. cxd5 exd5 11.
Bb5+ Bd7 12. Bxd7+ Nxd7 13. Rb1 Nxc5 14. Ne5 Bd6 15. Nxf7 Kxf7 16. Qh5+ Ke7 17. Qg5+ Kf8 18. Qf5+ Ke7 19. Qg5+ Kf8 20. Qf5+ Ke8 21. Qxd5 Qa6 22. Nc4 Be7 23. Ne5 Rf8 24. Rc1 Qd6 25. Rxc5 Rd8 26. Qxd6 Bxd6 27. Rb5 a6 28. Rb4 Bxb4+ 29. Ke2 Rd2+ 30. Ke1 Rxa2+ 31. Kd1 Rfxf2 32. Nd3 Ra1+ 33. Nc1 Rd2+ 34. Ke1 Rxc1# 0-1

[Event "*** SCC Grand Prix: Titled Tuesday Blitz"]
[Site "Chess.com"]
[Date "2020.07.07"]
[Round "10"]
[White "Jospem"]
[Black "AccioChess"]
[Result "1-0"]
[WhiteElo "2863"]
[BlackElo "2492"]
[TimeControl "180+1"]
[EndTime "11:57:32 PDT"]
[Termination "Jospem won by checkmate"]

1. c4 Nf6 2. Nc3 e5 3. Nf3 Nc6 4. a3 e4 5. Ng5 Qe7 6. f3 exf3 7. Nxf3 d6 8. e3 g6 9. Be2 Bh6 10. O-O O-O 11. b4 a5 12. b5 Ne5 13. Bb2 Be6 14. Qa4 b6 15. Rac1 Rad8 16. Nd1 Nfd7 17. Qc2 Bf5 18.
e4 Bg4 19. Nc3 Be6 20. Nd4 Nxc4 21. Nxe6 Qxe6 22. Bxc4 Qxc4 23. Nd5 Qxc2 24. Ne7# 1-0

[Event "*** SCC Grand Prix: Titled Tuesday Blitz"]
[Site "Chess.com"]
[Date "2020.07.07"]
[Round "10"]
[White "ehrenfeld"]
[Black "goofypenguin96"]
[Result "1-0"]
[WhiteElo "2522"]
[BlackElo "2386"]
[TimeControl "180+1"]
[EndTime "11:57:32 PDT"]
[Termination "ehrenfeld won on time"]

1. e4 c5 2. d3 e5 3. f4 d6 4.
Nc3 Nc6 5. g3 Be7 6. Bg2 Nf6 7.
Nf3 O-O 8. O-O Bg4 9. h3 Bxf3 10. Bxf3 Nd4 11. Bg2 h6 12. g4 Nd7 13. Nd5 Nb6 14. Nxe7+ Qxe7 15. c3 Ne6 16. f5 Nf4 17. Bxf4 exf4 18.
Rxf4 Nd7 19. Qd2 Rad8 20. Raf1 Qg5 21. Qf2 Qe7 22. Qg3 a6 23. h4 f6 24. R4f2 b5 25. Kh1 Rc8 26. Bf3 Ne5 27. Be2 c4 28.
d4 Nf7 29. Bf3 Rfe8 30. Rg1 Qc7 31. Qf4 Re7 32. Rfg2 Rb8 33. Qh2 Qd7 34. Rg3 Rbe8 35. Rh3 Rxe4 36. Bxe4 Rxe4 37. Rf3 d5 38. Rff1 Qe7 39.
Qg3 Re3 40. Rf3 Re4 41. Rg2 Nd6 42. Kh2 1-0

[Event "*** SCC Grand Prix: Titled Tuesday Blitz"]
[Site "Chess.com"]
[Date "2020.07.07"]
[Round "10"]
[White "novendrapriasmoro"]
[Black "StephenDedalus83"]
[Result "0-1"]
[WhiteElo "2662"]
[BlackElo "2819"]
[TimeControl "180+1"]
[EndTime "11:57:33 PDT"]
[Termination "StephenDedalus83 won on time"]

1. e4 c5 2. Nf3 Nc6 3. Bb5 g6 4. O-O Bg7 5. c3 Nf6 6. Re1 O-O 7. h3 e5 8. d4 exd4 9. cxd4 d5 10. e5 Ne4 11. Bxc6 bxc6 12. Nbd2 Nxd2 13. Bxd2 cxd4 14.
Bb4 Re8 15. Qxd4 Bf5 16. Qf4 Qd7 17. Bd6 h6 18. Rac1 Rac8 19. b4 Be4 20. Nd4 g5 21.
Qg3 f6 22. e6 Qb7 23. e7 f5 24. Ne6 Qd7 25. Nc5 f4 26. Nxd7 fxg3 27. fxg3 Kf7 28.
Kh2 Ke6 29. Nc5+ Kxd6 30. Nxe4+ dxe4 31. Rxe4 c5 32. b5 c4 33. Rd1+ Kc5 34. Rd7 c3 35.
Re2 Kxb5 36. Rxa7 c2 37. Rb7+ Ka6 0-1

[Event "*** SCC Grand Prix: Titled Tuesday Blitz"]
[Site "Chess.com"]
[Date "2020.07.07"]
[Round "10"]
[White "WashUntilHoles"]
[Black "swisspower96"]
[Result "0-1"]
[WhiteElo "2730"]
[BlackElo "2634"]
[TimeControl "180+1"]
[EndTime "11:57:33 PDT"]
[Termination "swisspower96 won on time"]

1. e4 c5 2. Nf3 Nc6 3. Bb5 g6 4. O-O Bg7 5. d3 e5 6. a3 Nge7 7. b4 d6 8. Bg5 f6 9. Be3 b6 10. Bc4 Nd4 11. c3 Ne6 12. Qb3 Qd7 13. bxc5 dxc5 14.
d4 exd4 15. cxd4 cxd4 16. Rd1 Nc6 17. Bb5 a6 18. Bxc6 Qxc6 19. Bxd4 O-O 20. Nc3 Kh8 21. Nd5 Rb8 22. Rac1 Qe8 23. Bb2 Bb7 24. h3 Nc5 25. Qe3 Nxe4 0-1

[Event "*** SCC Grand Prix: Titled Tuesday Blitz"]
[Site "Chess.com"]
[Date "2020.07.07"]
[Round "10"]
[White "JesseKraai"]
[Black "Beca95"]
[Result "0-1"]
[WhiteElo "2494"]
[BlackElo "2870"]
[TimeControl "180+1"]
[EndTime "11:57:33 PDT"]
[Termination "Beca95 won on time"]

1. d4 Nf6 2. c4 c5 3. d5 e6 4. Nc3 exd5 5. cxd5 d6 6. e4 g6 7. f4 Bg7 8. Bb5+ Nfd7 9. a4 Na6 10. Nf3 O-O 11. O-O Nb4 12. Kh1 a6 13. Bc4 f5 14.
exf5 gxf5 15. Ng5 Nb6 16. Bb3 a5 17. Be3 h6 18. Ne6 Bxe6 19. dxe6 Qe7 20. Qh5 d5 21. Nb5 d4 22. Bg1 c4 23. Bd1 Rad8 24. Bf3 Qxe6 25.
Rad1 Nc2 26. Rd2 d3 27. Nc3 Nd4 28. Bxb7 Nb3 29. Rdd1 Bxc3 30. bxc3 Nxa4 31. Rde1 Qf6 32. Rf3 d2 33. Rg3+ Kh7 34. Re7+ Qxe7 35. Qg6+ Kh8 0-1

[Event "*** SCC Grand Prix: Titled Tuesday Blitz"]
[Site "Chess.com"]
[Date "2020.07.07"]
[Round "10"]
[White "crazychessbr"]
[Black "mikheeva86"]
[Result "1-0"]
[WhiteElo "2051"]
[BlackElo "1903"]
[TimeControl "180+1"]
[EndTime "11:57:33 PDT"]
[Termination "crazychessbr won by resignation"]

1. e4 e5 2. Nf3 Nc6 3. Bb5 Nd4 4.
Ba4 Nxf3+ 5. Qxf3 Qf6 6. Nc3 Qxf3 7. gxf3 Bb4 8. Nd5 Bd6 9. c3 Ne7 10. Ne3 g6 11. d4 exd4 12. cxd4 Bb4+ 13. Bd2 c6 14.
Bxb4 b5 15. Bb3 a5 16. Bd6 a4 17. Bc2 Ba6 18. Ng4 Nc8 19. Nf6+ Kd8 20. Be5 d6 21. Bf4 Ke7 22. Ng4 f6 23. Bh6 Kf7 24. Bf4 Re8 25. O-O-O Bb7 26. e5 dxe5 27. dxe5 f5 28. Nf6 Re7 29.
Rd7 Rxd7 30. Nxd7 Ne7 31. Nc5 Bc8 32. Re1 Nd5 33. e6+ Ke8 34. Bg5 Ba6 35. e7 Nc7 36.
Ne6 Nxe6 37. Rxe6 Kd7 38. Re2 Re8 39. b3 a3 40. b4 1-0

[Event "*** SCC Grand Prix: Titled Tuesday Blitz"]
[Site "Chess.com"]
[Date "2020.07.07"]
[Round "10"]
[White "Anton_Demchenko"]
[Black "SergeyKarjakin"]
[Result "0-1"]
[WhiteElo "2863"]
[BlackElo "2968"]
[TimeControl "180+1"]
[EndTime "11:57:34 PDT"]
[Termination "SergeyKarjakin won on time"]

1. e4 c5 2. Nc3 d6 3. g3 g6 4. Bg2 Bg7 5. Nge2 Nc6 6. d3 e6 7. Be3 Nd4 8. O-O Ne7 9. b4 O-O 10. bxc5 dxc5 11. Rb1 Nxe2+ 12. Nxe2 b6 13. Qd2 Bb7 14.
Bxc5 Rc8 15. Be3 Qc7 16. Rfc1 Rfd8 17. Bh6 Nc6 18. Bxg7 Kxg7 19. f4 Qe7 20. Qe3 Nb4 21. Qd2 Qc5+ 22. Kh1 Nxa2 23. c3 Nxc1 24. Rxc1 Ba6 25.
c4 Qa3 26. f5 Qxd3 27. Qb2+ Kg8 28. fxe6 fxe6 29. Nf4 Qd4 30. Qa3 Bxc4 31. Qxa7 Ra8 32. Qe7 Ra1 0-1

[Event "*** SCC Grand Prix: Titled Tuesday Blitz"]
[Site "Chess.com"]
[Date "2020.07.07"]
[Round "10"]
[White "MiroVlasenko"]
[Black "Chesswizard_2007"]
[Result "0-1"]
[WhiteElo "2602"]
[BlackElo "2476"]
[TimeControl "180+1"]
[EndTime "11:57:36 PDT"]
[Termination "Chesswizard_2007 won by resignation"]

1. d4 Nf6 2. Bg5 d5 3. e3 Ne4 4. Bf4 h5 5. Nf3 c5 6. Bd3 Nc6 7. Nbd2 Nxd2 8. Qxd2 c4 9. Be2 Bf5 10. b3 c3 11. Qd1 Nb4 12. Bd3 Nxd3+ 13. cxd3 e6 14. a3 Be7 15. h3 Rc8 16. Qc2 Qb6 17.
Ke2 f6 18. b4 Qa6 19. Rhb1 g5 20. Bg3 h4 21. Bh2 g4 22. hxg4 Bxg4 23. Rb3 h3 24. gxh3 Rxh3 25. Bg3 Bd6 26. Rg1 e5 27. dxe5 fxe5 28.
b5 Qa4 29. e4 dxe4 30. dxe4 Qc4+ 31. Qd3 Bxf3+ 0-1

[Event "*** SCC Grand Prix: Titled Tuesday Blitz"]
[Site "Chess.com"]
[Date "2020.07.07"]
[Round "10"]
[White "ChronicUnhappiness"]
[Black "silverback96"]
[Result "1-0"]
[WhiteElo "2411"]
[BlackElo "2231"]
[TimeControl "180+1"]
[EndTime "11:57:37 PDT"]
[Termination "ChronicUnhappiness won by resignation"]

1. d4 d5 2. c4 c6 3. Nf3 Nf6 4. e3 Bg4 5. Nc3 e6 6. Qb3 Qb6 7. c5 Qc7 8. Ne5 Bh5 9. f3 Nbd7 10.
Nxd7 Qxd7 11. Bd2 Bg6 12. Be2 Be7 13. O-O O-O 14. Be1 Rfe8 15. Bf2 Bf8 16. Rfe1 e5 17. Bf1 e4 18. f4 Bh5 19. Qc2 h6 20. h3 Bg6 21. b4 a6 22. a4 Qd8 23. b5 axb5 24. axb5 Rxa1 25. Rxa1 Nd7 26. b6 Bh7 27. Ra7 Qc8 28. g4 Nf6 29. Ne2 h5 30. g5 Nd7 31. Ng3 Nb8 32. Nxh5 Bf5 33. Kh2 g6 34. Nf6+ Kg7 35. Nxe8+ Qxe8 36. Rxb7 Be7 37. h4 Qc8 38.
Rc7 Qe8 39. Qa4 Bd8 40. Qa7 Bxc7 41. bxc7 Nd7 42. Ba6 Nxc5 43. dxc5 d4 44. Qb8 Qe7 45. c8=Q Bxc8 46. Bxc8 Qxc5 47. Qe5+ Qxe5 48. fxe5 d3 49. Be1 c5 50. Kg3 c4 51. Kf4 f5 52. exf6+ 1-0

[Event "*** SCC Grand Prix: Titled Tuesday Blitz"]
[Site "Chess.com"]
[Date "2020.07.07"]
[Round "10"]
[White "szachuspl"]
[Black "ChessicallyInclined"]
[Result "1-0"]
[WhiteElo "2509"]
[BlackElo "2489"]
[TimeControl "180+1"]
[EndTime "11:57:38 PDT"]
[Termination "szachuspl won by resignation"]

1. d4 Nf6 2. c4 e6 3. Nf3 b6 4. g3 Ba6 5. Nbd2 c5 6. Bg2 Bb7 7. Nb3 cxd4 8. Nbxd4 Nc6 9. O-O Rc8 10. Nb5 d5 11. cxd5 exd5 12. Bg5 Be7 13. Rc1 O-O 14. Nfd4 Ne4 15. Be3 Nxd4 16. Nxd4 Rxc1 17. Qxc1 Qd7 18. Rd1 Rc8 19. Qb1 Bf6 20. Qd3 Nc5 21. Qa3 a5 22. b4 axb4 23. Qxb4 Qd8 24. Rb1 Ba6 25. Bf3 Ne4 26. Qxb6 Qxb6 27. Rxb6 Bc4 28. a4 Nc3 29. a5 Bxd4 30. Bxd4 Bxe2 31. Kg2 Bxf3+ 32.
Kxf3 Ne4 33. a6 Ng5+ 34. Ke3 Ne6 35. a7 Rf8 36. Rb8 Nc7 37. Bc5 d4+ 38. Kxd4 1-0

[Event "*** SCC Grand Prix: Titled Tuesday Blitz"]
[Site "Chess.com"]
[Date "2020.07.07"]
[Round "10"]
[White "FairChess_on_YouTube"]
[Black "Shield12"]
[Result "0-1"]
[WhiteElo "2990"]
[BlackElo "2863"]
[TimeControl "180+1"]
[EndTime "11:57:40 PDT"]
[Termination "Shield12 won on time"]

1. d4 Nf6 2. c4 e6 3. Nf3 d5 4. e3 Be7 5. Nc3 O-O 6. a3 a6 7. b4 a5 8. b5 c5 9. bxc6 bxc6 10. c5 Qc7 11. Rb1 Nbd7 12. Be2 Ba6 13. O-O Bxe2 14. Qxe2 Rfb8 15. Bd2 Ne4 16. Qd3 Nxc3 17. Bxc3 Nf6 18.
Rxb8+ Rxb8 19. Rb1 a4 20. Ne5 Rxb1+ 21. Qxb1 Ne4 22.
Ba1 f6 23. Nd3 Qa5 24. Nb4 Qb5 25. Qf1 Kf7 26. Qd1 f5 27. f3 Nf6 28. Kf2 Nd7 0-1

[Event "*** SCC Grand Prix: Titled Tuesday Blitz"]
[Site "Chess.com"]
[Date "2020.07.07"]
[Round "10"]
[White "DarkAlekhine"]
[Black "Sam_ChessMood"]
[Result "1-0"]
[WhiteElo "2650"]
[BlackElo "2822"]
[TimeControl "180+1"]
[EndTime "11:57:40 PDT"]
[Termination "DarkAlekhine won by resignation"]

1. e4 c6 2. d4 d5 3. e5 Bf5 4.
Nf3 e6 5. Be2 Ne7 6. O-O Ng6 7. c3 f6 8. exf6 Qxf6 9. Re1 Bd6 10. Nbd2 O-O 11. Nf1 Nd7 12. Ng3 e5 13. dxe5 Ndxe5 14. Nxe5 Bxe5 15. Nxf5 Qxf5 16. Be3 Bf4 17. Bd4 Kh8 18.
Bd3 Qg5 19. g3 Bc7 20. Qc1 Qxc1 21. Raxc1 Bb6 22. Bxb6 a6 23. Bxg6 hxg6 24. f4 Rf7 25. Re6 Kh7 26. Rce1 Raf8 27. h4 Rf5 28. Bd4 R8f7 29.
Re7 Kh6 30. Kg2 a5 31. Kf3 1-0

[Event "*** SCC Grand Prix: Titled Tuesday Blitz"]
[Site "Chess.com"]
[Date "2020.07.07"]
[Round "10"]
[White "rynos0411"]
[Black "ahachess"]
[Result "1-0"]
[WhiteElo "2440"]
[BlackElo "2286"]
[TimeControl "180+1"]
[EndTime "11:57:40 PDT"]
[Termination "rynos0411 won on time"]

1. d4 d5 2. c4 c6 3. Nc3 e6 4.
cxd5 exd5 5. Nf3 Bf5 6. Bf4 Bd6 7. Bg3 Nf6 8. e3 O-O 9. Bd3 Bxd3 10. Qxd3 Re8 11. a3 a5 12. Rb1 Qe7 13. O-O Bxg3 14.
hxg3 Nbd7 15. Nd2 Ng4 16. Rfe1 Qf6 17. Re2 Qh6 18. Nf3 Ndf6 19. e4 dxe4 20. Nxe4 Qg6 21.
Nxf6+ Nxf6 22. Qxg6 hxg6 23. Rbe1 Rxe2 24. Rxe2 Re8 25. Kf1 Rxe2 26. Kxe2 Kf8 27. Ne5 Ke7 28.
Nc4 a4 29. Nb6 Kd6 30. Nxa4 Kd5 31. Kd3 Ng4 32. Nc3+ Kd6 33. f3 Nf6 34. Ne4+ Ke6 35. Nxf6 gxf6 36. Kc4 Kd6 37. a4 f5 38. b4 g5 39. b5 f4 40. gxf4 gxf4 41. bxc6 Kxc6 42. d5+ Kd6 43. Kd4 f5 44. a5 1-0

[Event "*** SCC Grand Prix: Titled Tuesday Blitz"]
[Site "Chess.com"]
[Date "2020.07.07"]
[Round "10"]
[White "jaskol95"]
[Black "GMJustin"]
[Result "0-1"]
[WhiteElo "2390"]
[BlackElo "2287"]
[TimeControl "180+1"]
[EndTime "11:57:42 PDT"]
[Termination "GMJustin won by resignation"]

1. d4 f5 2. h3 Nf6 3. g4 d5 4. g5 Ne4 5. Nc3 e6 6. Bg2 Nxg5 7. Nf3 Nxf3+ 8. Bxf3 Bd6 9. Rg1 O-O 10. Bg5 Qd7 11. Qd2 Kh8 12. h4 Nc6 13. h5 Ne7 14. h6 g6 15.
O-O-O Ng8 16. Bh1 b5 17. f3 b4 18. Nb1 a5 19. e4 a4 20. e5 Be7 21. f4 c5 22. dxc5 Bxc5 23. Rg3 Rb8 24. Qh2 Ba6 25. Qh4 b3 26. axb3 axb3 27. c3 Be2 28. Rd2 Bc4 29. Rdg2 Ra8 30. Bf6+ Nxf6 31. Rxg6 hxg6 32. Rxg6 Be3+ 33. Kd1 Ne4 34. Na3 Rxa3 35. bxa3 b2 36. Kc2 Qb7 0-1

[Event "*** SCC Grand Prix: Titled Tuesday Blitz"]
[Site "Chess.com"]
[Date "2020.07.07"]
[Round "10"]
[White "FMOlexandrProhorov"]
[Black "FearNoEvil12"]
[Result "0-1"]
[WhiteElo "2117"]
[BlackElo "2064"]
[TimeControl "180+1"]
[EndTime "11:57:42 PDT"]
[Termination "FearNoEvil12 won by checkmate"]

1. e4 a6 2. d4 b5 3. Bd3 Bb7 4. Qe2 e6 5. Nf3 Nf6 6. O-O d6 7. a4 b4 8. Bg5 h6 9. Bh4 g5 10. Bg3 Nbd7 11. Nbd2 Rg8 12. c4 bxc3 13. bxc3 h5 14.
h4 gxh4 15. Bxh4 Be7 16. Nc4 a5 17. Rab1 Ba6 18. Ne3 Bxd3 19. Qxd3 Ng4 20. Bxe7 Qxe7 21. Rb7 Qf6 22. Nxg4 hxg4 23. Nd2 Kd8 24. Rfb1 Rc8 25. Qg3 Qh6 26. Nc4 Rh8 27. Kf1 Nb6 28. Ne3 Qh1+ 29. Ke2 Qxb1 30. Qxg4 Qb2+ 31. Kf3 Qxc3 32. Qg7 Re8 33.
Qf6+ Re7 34. Qh8+ Kd7 35. Qf6 Qc6 36. Ra7 Qxa4 37. g4 Rg8 38. g5 Rg6 39. Qh8 Re8 40. Qh7 Rf8 41. Kf4 Qxd4 42. f3 Nd5+ 43. Kg4 Nxe3+ 44.
Kh4 Nf5+ 45. Kg4 Qg1+ 46. Kf4 Qxg5# 0-1